 Dungeon Crawl Stone Soup version 0.30.0-18-gc0e69614cb (webtiles) character file.

Game seed: 17625639939967570600

8033 JanusIIV the Grappler (level 11, -5/109 HPs)
             Began as a Troll Fighter on May 24, 2023.
             Was a Believer of Wu Jian.
             Slain by a meliai
             ... wielding a +1 war axe of electrocution
              (13 damage)
             ... on level 11 of the Dungeon.
             The game lasted 00:15:46 (7203 turns).

JanusIIV the Grappler (Troll Fighter)               Turns: 7203, Time: 00:15:47

Health: -5/109     AC:  6    Str: 26    XL:     11   Next: 4%
Magic:  10/10      EV: 10    Int:  8    God:    Wu Jian [**....]
Gold:   1570       SH: 15    Dex:  9    Spells: 10/10 levels left

rFire   + .          .
                       - Unarmed
rCold   . . .        b - +1 kite shield
rNeg    . . .        r - +0 robe {Will+}
rPois   .            H - +2 hat of Gravitas {rF+ SInv}
rElec   .            (no cloak)
rCorr   +            (gloves unavailable)
SInv    +            (boots unavailable)
Will    +....        s - amulet of reflection
Stlth   +            c - ring of see invisible
HPRegen 1.18/turn    w - ring of resist corrosion
MPRegen 0.12/turn

%: reflection
@: hasted, invisible, very quick
A: large, unfitting armour, claws 3, regeneration 1, shaggy fur 1, tough skin 1
a: Renounce Religion, Wall Jump


You were on level 11 of the Dungeon.
You worshipped Wu Jian.
Wu Jian was pleased with you.
You visited 1 branch of the dungeon, and saw 11 of its levels.

You collected 1748 gold pieces.
You spent 178 gold pieces at shops.

Inventory:

Missiles
 v - 8 javelins (quivered)
Armour
 b - a +1 kite shield (worn)
 r - a +0 robe of willpower (worn)
 H - the +2 hat of Gravitas (worn) {rF+ SInv}
   (You acquired it on level 8 of the Dungeon)

   rF:        It protects you from fire.
   SInv:      It lets you see invisible.
Jewellery
 c - a ring of see invisible (left claw)
 s - an amulet of reflection (around neck)
 w - a ring of resist corrosion (right claw)
Wands
 x - a wand of flame (12)
 A - a wand of roots (3)
 I - a wand of digging (6)
Scrolls
 a - a scroll of torment
 e - 3 scrolls of teleportation
 f - a scroll of silence {unknown}
 i - 3 scrolls of identify
 l - a scroll of blinking {unknown}
 m - 5 scrolls of fog
 o - a scroll of poison {unknown}
 p - a scroll of amnesia
 q - 2 scrolls of enchant armour
 y - a scroll of fear {unknown}
 D - 3 scrolls of magic mapping
 F - 2 scrolls of immolation {unknown}
 G - a scroll of brand weapon {unknown}
Potions
 d - 3 potions of lignification
 g - 2 potions of curing
 h - a potion of berserk rage {unknown}
 k - a potion of attraction {unknown}
 n - a potion of flight
 t - 3 potions of mutation
 u - 2 potions of brilliance
 z - a potion of cancellation
 B - a potion of haste
 E - 2 potions of might


   Skills:
 + Level 7.2 Fighting
 + Level 5.2 Dodging
 + Level 7.9 Shields
 * Level 11.7 Unarmed Combat


You had 10 spell levels left.
You didn't know any spells.
Your spell library contained the following spells:

 Spells                   Type           Power      Damage    Failure   Level
 Apportation              Tloc           0%         N/A       61%         1
 Magic Dart               Conj           0%         1d3       61%         1
 Call Imp                 Summ           0%         N/A       75%         2
 Sublimation of Blood     Necr           0%         N/A       75%         2
 Wereblood                Tmut           0%         N/A       75%         2
 Mephitic Cloud           Conj/Pois/Air  0%         N/A       93%         3
 Portal Projectile        Hex/Tloc       0%         N/A       93%         3
 Tukima's Dance           Hex            0%         N/A       93%         3
 Animate Armour           Summ/Erth      0%         N/A       100%        4
 Summon Lightning Spire   Summ/Air       0%         N/A       100%        4
 Alistair's Intoxication  Tmut/Pois      0%         N/A       100%        5
 Blade Hands              Tmut           0%         N/A       100%        5
 Iron Shot                Conj/Erth      0%         9d1       100%        6
 Storm Form               Tmut/Air       0%         N/A       100%        7
 Summon Hydra             Summ           0%         N/A       100%        7
 Maxwell's Capacitive Co  Air            0%         ∞         100%        8


Dungeon Overview and Level Annotations

Branches:
Dungeon (11/15)            Temple (0/1) D:6
   Lair: D:8-11         Orc: D:9-12

Altars:
Ashenzari
Nemelex Xobeh
Qazlal
Sif Muna
Trog
Wu Jian
The Shining One

Shops:
D:5 (   D:7 *   D:9 [   D:10 ?

Annotations:
D:5 3 runed translucent doors, Darkkill's ghost, novice MiHu


Innate Abilities, Weirdness & Mutations

You are too large for most types of armour.
You have claws for hands.
Your natural rate of healing is unusually fast.
You are covered in fur. (AC +1)
You have tough skin. (AC +1)


Message History

You fade into invisibility!
You block the meliai's attack. x2
The meliai invokes the aid of its god against you.
Something smites you!
* * * LOW HITPOINT WARNING * * *
You closely miss the meliai.
The meliai is lightly wounded.
The meliai hits you with a +1 war axe of electrocution!
* * * LOW HITPOINT WARNING * * *
The meliai stings you.
* * * LOW HITPOINT WARNING * * *
You feel yourself speed up.
The meliai hits you with a +1 war axe of electrocution.
* * * LOW HITPOINT WARNING * * *
You block the meliai's attack. x2; The meliai closely misses you.
You feel better. The meliai closely misses you. The meliai stings you.
* * * LOW HITPOINT WARNING * * *
The meliai barely misses you. The meliai closely misses you.
You feel better. The meliai barely misses you. x2
You closely miss the meliai.
The meliai is lightly wounded.
The meliai hits you with a +1 war axe of electrocution!
* * * LOW HITPOINT WARNING * * *
The meliai closely misses you.
You claw the meliai!
The meliai is severely wounded.
You hear a shout!
You block the meliai's attack. x2
You miss the meliai.
The meliai is severely wounded.
You block the meliai's attack. The meliai barely misses you.
You scratch the meliai but do no damage.
The meliai is severely wounded.
The meliai invokes the aid of its god against you.
Something smites you!
* * * LOW HITPOINT WARNING * * *
You feel better.
The centaur warrior shouts!
The meliai hits you with a +1 war axe of electrocution!
You die...

#.........##c..
###.............
#........#....##
#..............
##...........>.
##.....#..... ..
##....#...# #.
###c.##.....#####.
#@y..#........#.#.
###...............
#..............#
##..###........##
#.....#.##.......
###.#######..###.
### ##......#
#........
##..#..##


You could see a centaur warrior (wandering, unable to see you) and a meliai
(unable to see you).

Vanquished Creatures
  Erolcha (D:9)
  A two-headed ogre (D:10)
  A gargoyle (D:8)
  Psyche (D:9)
  A komodo dragon (D:10)
  Grinder (D:4)
  Sigmund (D:4)
  A wraith (D:9)
  14 yaks
  4 vampire mosquitoes (D:9)
  3 water moccasins
  An orc warrior (D:9)
  An ice beast (D:6)
  An ogre (D:7)
  5 centaurs
  2 phantoms (D:4)
  3 kobold brigands
  A bullfrog (D:9)
  5 scorpions
  4 wights (D:9)
  A howler monkey (D:8)
  6 hounds
  2 jellies
  2 gnoll boudas
  3 iguanas
  A sleepcap (D:6)
  Natasha (twice) (D:3)
  15 orc wizards
  12 gnolls
  10 adders
  2 white imps
  An ufetubus (D:4)
  3 worms
  4 dart slugs
  21 orcs
  9 endoplasms
  A giant cockroach (D:2)
  14 hobgoblins
  12 jackals
  26 kobolds
  2 quokkas
  5 ball pythons
  4 bats
  6 frilled lizards
  4 goblins
  4 rats
224 creatures vanquished.

Notes
Turn   | Place    | Note
-------+----------+-------------------------------------------
     0 | D:1      | JanusIIV the Troll Fighter began the quest for the Orb.
     0 | D:1      | Reached XP level 1. HP: 22/22 MP: 0/0
   117 | D:1      | Found a faded altar of an unknown god.
   227 | D:1      | Reached XP level 2. HP: 28/29 MP: 1/1
   505 | D:2      | Reached XP level 3. HP: 32/36 MP: 2/2
   541 | D:2      | Reached skill level 3 in Unarmed Combat
   970 | D:2      | Reached XP level 4. HP: 44/44 MP: 3/3
  1137 | D:3      | Noticed Natasha
  1142 | D:3      | Killed Natasha
  1174 | D:3      | Found a sparkling altar of Nemelex Xobeh.
  1464 | D:3      | Noticed Natasha
  1469 | D:3      | Killed Natasha
  1470 | D:3      | Reached skill level 4 in Unarmed Combat
  1470 | D:3      | Reached XP level 5. HP: 43/53 MP: 4/4
  1479 | D:3      | Found a broken altar of Ashenzari.
  1994 | D:4      | Noticed Sigmund
  2003 | D:4      | Killed Sigmund
  2004 | D:4      | Reached skill level 5 in Unarmed Combat
  2004 | D:4      | Reached XP level 6. HP: 61/62 MP: 5/5
  2031 | D:4      | Reached XP level 7. HP: 68/68 MP: 6/6
  2037 | D:4      | Noticed Grinder
  2037 | D:4      | Paralysed by Grinder for 4 turns
  2050 | D:4      | Killed Grinder
  2051 | D:4      | Reached skill level 6 in Unarmed Combat
  2234 | D:4      | Found a bloodstained altar of Trog.
  2253 | D:5      | Entered Level 5 of the Dungeon
  2262 | D:5      | Found Fifaajic's Antique Weapon Emporium.
  2299 | D:5      | Found a runed translucent gate.
  2300 | D:5      | Noticed Darkkill's ghost (novice MiHu)
  2301 | D:5      | Found a runed translucent gate.
  2302 | D:5      | Found a runed translucent gate.
  2460 | D:5      | Reached skill level 5 in Shields
  2460 | D:5      | Reached XP level 8. HP: 21/79 MP: 7/7
  2506 | D:5      | Reached skill level 7 in Unarmed Combat
  3034 | D:6      | Found an ornate altar of the Wu Jian Council.
  3048 | D:6      | Became a worshipper of the Wu Jian Council
  3231 | D:6      | Found a staircase to the Ecumenical Temple.
  3243 | D:6      | Reached skill level 5 in Fighting
  3385 | D:6      | Reached skill level 8 in Unarmed Combat
  3619 | D:7      | Found Ylaari Gute's General Store.
  3628 | D:7      | Bought a potion of heal wounds for 55 gold pieces
  3844 | D:7      | Reached XP level 9. HP: 56/88 MP: 8/8
  3898 | D:7      | Reached * piety under Wu Jian
  4331 | D:8      | Reached skill level 9 in Unarmed Combat
  4341 | D:8      | Noticed a gargoyle
  4347 | D:8      | Killed a gargoyle
  4442 | D:8      | Found a shimmering blue altar of Sif Muna.
  4550 | D:8      | Found a stormy altar of Qazlal.
  4594 | D:8      | Reached skill level 10 in Unarmed Combat
  5220 | D:9      | Noticed Psyche
  5227 | D:8      | Identified 2 scrolls of acquirement
  5227 | D:8      | Acquired the +2 hat of Gravitas {rF+ SInv}
  5296 | D:8      | Acquired 1085 gold pieces
  5426 | D:9      | Reached XP level 10. HP: 98/98 MP: 9/9
  5470 | D:9      | Reached ** piety under Wu Jian
  5562 | D:9      | Noticed Erolcha
  5574 | D:9      | Killed Erolcha
  5624 | D:9      | Killed Psyche
  5625 | D:9      | Reached skill level 11 in Unarmed Combat
  5780 | D:9      | Found Plog's Armour Boutique.
  6229 | D:10     | Entered Level 10 of the Dungeon
  6231 | D:10     | Noticed a two-headed ogre
  6287 | D:10     | Found Huamp's Magic Scroll Shoppe.
  6309 | D:9      | Reached skill level 5 in Dodging
  6338 | D:10     | Bought a scroll of identify for 26 gold pieces
  6338 | D:10     | Bought a scroll of enchant armour for 97 gold pieces
  6728 | D:10     | Killed a two-headed ogre
  6729 | D:10     | Reached XP level 11. HP: 109/109 MP: 10/10
  6946 | D:10     | Found a glowing golden altar of the Shining One.
  7179 | D:11     | Noticed a centaur warrior
  7190 | D:11     | HP: 4/109 [meliai/+1 war axe of electrocution (8)]
  7202 | D:11     | HP: 2/109 [meliai/divine providence (15)]
  7203 | D:11     | Slain by a meliai

Illustrated notes

Levels and vault maps discovered:
D:1:      dpeg_arrival_more_subterranean_lakeside_camping, layout_rooms,
          hellmonk_ecumenical_altar_inner_sanctum, skrybe_limestone_x
D:2:      layout_basic, minmay_indecisive_spiral
D:3:      layout_loops_corners, evilmike_ruin_ashenzari,
          mainiacjoe_overflow_boulevard, serial_glass, glass_columns_a,
          glass_columns_b, uniq_natasha
D:4:      layout_rooms, lemuel_crystal_altar, uniq_sigmund, uniq_grinder
D:5:      layout_cave_pools, biasface_ghost_orc_armoury, minmay_shop_grid_forest
D:6:      layout_basic, mainiacjoe_overflow_small_starburst,
          minmay_temple_entry_arrows
D:7:      layout_loops_ring, serial_shops, nicolae_shop_just_a_little_nook
D:8:      layout_loops_corners, grunt_qazlal_sundering,
          mainiacjoe_overflow_alcove_1, ebering_dispersal_statue_hall
D:9:      layout_loops_ring, serial_shops, shop, grunt_ministairs_15,
          uniq_psyche, uniq_erolcha
D:10:     layout_long_grid, tso_oasis_becter, serial_shops,
          nicolae_shop_waterfront
D:11:     minmay_cut_squares, layout_cave_pools, lair_entry_dummy, orc_0_dummy,
          portal_ice_cave_demonic_guard, uniq_josephine

Skill      XL: |  1  2  3  4  5  6  7  8  9 10 |
---------------+-------------------------------+-----
Shields        | 3 4 5 6 7 |  7.9
Unarmed Combat | 3 4 5 6 8 10 11 | 11.7
Fighting       | 3 4 5 6 7 |  7.2
Dodging        | 3 5 |  5.2

Action                     |  1- 3 |  4- 6 |  7- 9 | 10-12 || total
---------------------------+-------+-------+-------+-------++-------
  Melee: Unarmed           |   130 |   105 |   274 |   166 ||   675
Ability: Lunge             |       |       |    13 |    11 ||    24
         Whirlwind         |       |       |     2 |       ||     2
  Evoke: Wand              |       |       |       |    10 ||    10
    Use: Potion            |       |     1 |       |     8 ||     9
         Scroll            |       |       |    18 |       ||    18
 Armour: Robe              |    31 |    23 |    31 |    14 ||    99
  Dodge: Dodged            |    35 |    42 |    48 |    47 ||   172
  Block: Kite shield       |    50 |    33 |   134 |   107 ||   324
         Reflection        |       |       |     7 |     5 ||    12
